 Dungeon Crawl Stone Soup version 0.25-a0-860-gf695395b5c (webtiles) character file.

Game seed: 9541361551213890234, levelgen mode: deterministic

553827 Error4North the Slayer (level 25, -8/250 HPs)
             Began as a Hill Orc Fighter on Apr 26, 2020.
             Was a High Priest of Okawaru.
             Killed by divine providence
             ... invoked by a sphinx
              (15 damage)
             ... on level 1 of the Tomb of the Ancients on Apr 28, 2020.
             The game lasted 06:37:55 (56320 turns).

Error4North the Slayer (Hill Orc Fighter)          Turns: 56320, Time: 06:37:55

Health: -8/250     AC: 45    Str: 35    XL:     25   Next: 77%
Magic:  12/12      EV:  4    Int:  8    God:    Okawaru [*****.]
Gold:   8186       SH: 34    Dex: 17    Spells: 37/42 levels left

rFire    + . .     SeeInvis +   S - +11 broad axe of Kismet {antimagic, Str+5 Int-4}
rCold    . . .     Gourm    +   R - +18 shield of the Gong {rElec rN+ MR+ EV-5}
rNeg     + + +     Faith    .   U - +9 gold dragon scales
rPois    +         Spirit   .   j - +2 helmet {SInv}
rElec    +         Reflect  .   X - +2 cloak {rPois}
rCorr    +         Harm     .   M - +2 pair of gloves of the Sun {MR+ Stlth+}
MR       +++++     Rnd*Rage +   V - +0 pair of boots "Qeini" {rC- rCorr Str+3 Slay+2}
Stlth    ..........             g - amulet of Xom's Entertainment {Gourm rN+ MR++ Dex+7}
HPRegen  0.51/turn              C - ring of Osole {+Fly rN+ MR+ SInv}
MPRegen  0.13/turn              Y - ring of Kuleq {MR+ AC+2}

@: studying Fighting, very heavily drained
A: hooves 1, repulsion field 1, slimy green scales 1, berserk 1, wild magic 1
}: 4/15 runes: decaying, slimy, silver, gossamer
a: Heroism, Finesse, Renounce Religion, Evoke Flight


You were on level 1 of the Tomb of the Ancients.
You worshipped Okawaru.
Okawaru was extremely pleased with you.
You were not hungry.

You visited 11 branches of the dungeon, and saw 49 of its levels.

You collected 8411 gold pieces.
You spent 225 gold pieces at shops.

Inventory:

Hand Weapons
 z - a +5 broad axe of flaming
 S - the +11 broad axe of Kismet (weapon) {antimagic, Str+5 Int-4}
   (Okawaru gifted it to you on level 5 of the Vaults)

   It reduces the magical energy of the wielder, and disrupts the spells and
   magical abilities of those hit.
   Natural abilities and divine invocations are not affected.
   It affects your strength (+5).
   It affects your intelligence (-4).
Missiles
 p - 24 boomerangs
 t - 40 silver boomerangs (quivered)
Armour
 j - a +2 helmet of see invisible (worn)
 M - the +2 pair of gloves of the Sun (worn) {MR+ Stlth+}
   (You acquired it on level 3 of the Elven Halls)

   It affects your resistance to hostile enchantments.
   It makes you more stealthy.
 R - the +18 shield of the Gong (worn) {rElec rN+ MR+ EV-5}
   (You found it on level 9 of the Dungeon)

   It affects your evasion (-5).
   It insulates you from electricity.
   It protects you from negative energy.
   It affects your resistance to hostile enchantments.
 U - +9 gold dragon scales (worn)
 V - the +0 pair of boots "Qeini" (worn) {rC- rCorr Str+3 Slay+2}
   (Okawaru gifted it to you on level 1 of the Swamp)

   It affects your strength (+3).
   It affects your accuracy and damage with ranged weapons and melee attacks
   (+2).
   It makes you vulnerable to cold.
   It provides partial protection from all sources of acid and corrosion.
 X - a +2 cloak of poison resistance (worn)
Jewellery
 g - the amulet of Xom's Entertainment (around neck) {Gourm rN+ MR++ Dex+7}
   (You took it off an orc on level 10 of the Dungeon)

   [amulet of the gourmand]

   It allows you to eat raw meat even when not hungry.
   It affects your dexterity (+7).
   It protects you from negative energy.
   It affects your resistance to hostile enchantments.
 C - the ring of Osole (left hand) {+Fly rN+ MR+ SInv}
   (You took it off a hell knight on level 3 of the Crypt)

   [ring of positive energy]

   It protects you from negative energy.
   It affects your resistance to hostile enchantments.
   It lets you see invisible.
   It lets you fly.
 H - the ring "Gomamano" {+Blink rPois rN+ Str+4 Slay+2}
   (You took it off a hell knight on level 3 of the Crypt)

   [ring of positive energy]

   It affects your strength (+4).
   It affects your accuracy and damage with ranged weapons and melee attacks
   (+2).
   It protects you from poison.
   It protects you from negative energy.
   It lets you blink.
 Y - the ring of Kuleq (right hand) {MR+ AC+2}
   (You took it off a spriggan druid on level 3 of the Swamp)

   [ring of protection]

   It affects your AC (+2).
   It affects your resistance to hostile enchantments.
Wands
 b - a wand of flame (35)
 d - a wand of paralysis (63)
 h - a wand of enslavement (10)
 i - a wand of random effects (36)
 v - a wand of disintegration (16)
 w - a wand of iceblast (34)
 x - a wand of polymorph (7)
 y - a wand of digging (10)
 L - a wand of acid (37)
 Z - a wand of clouds (4)
Scrolls
 a - 6 scrolls of fog
 c - 2 scrolls of silence
 e - 5 scrolls of identify
 k - 13 scrolls of teleportation
 o - 9 scrolls of magic mapping
 r - 12 scrolls of amnesia
 s - 25 scrolls of remove curse
 D - 5 scrolls of blinking
 G - 4 scrolls of fear
 K - 3 scrolls of summoning
Potions
 l - 9 potions of stabbing
 m - 16 potions of curing
 n - 2 potions of invisibility
 q - 5 potions of brilliance
 u - 4 potions of might
 A - 6 potions of cancellation {unknown}
 E - 2 potions of mutation
 F - a potion of haste
 N - a potion of resistance
 O - 7 potions of ambrosia
 T - 5 potions of magic {unknown}
 W - 2 potions of berserk rage
Books
 I - a manual of Fighting
Miscellaneous
 B - 2 phantom mirrors
 J - a phial of floods
 P - a lightning rod (4/4)
Comestibles
 f - 73 rations


   Skills:
 * Level 25.2(20.1) Fighting
 + Level 22.0(17.7) Axes
   Level 8.8(10.9) Maces & Flails
 + Level 6.9(3.5) Throwing
 * Level 18.4(13.9) Armour
 + Level 2.7(0.0) Dodging
 + Level 2.0(0.0) Stealth
 + Level 20.8(16.1) Shields
 + Level 9.3(5.6) Spellcasting
 + Level 10.8(7.0) Charms
 + Level 9.9(6.2) Translocations
 + Level 9.2(5.6) Invocations
 + Level 5.1(1.8) Evocations


You had 37 spell levels left.
You knew the following spells:

 Your Spells              Type           Power        Failure   Level  Hunger
a - Infusion              Chrm           ###.         22%         1    #......
b - Song of Slaying       Chrm           ###.....     32%         2    ##.....
c - Shroud of Golubria    Chrm/Tloc      ###...       36%         2    ##.....

Your spell library contained the following spells:

 Spells                   Type           Power        Failure   Level  Hunger
 Apportation              Tloc           ###...       30%         1    #......
 Gell's Gravitas          Tloc           ###.......   65%         3    ###....
 Lesser Beckoning         Tloc           ###.......   65%         3    ###....
 Ozocubu's Armour         Chrm/Ice       ##......     94%         3    ###....
 Spectral Weapon          Hex/Chrm       ##......     94%         3    ###....
 Portal Projectile        Hex/Tloc       #.....       96%         3    ###....
 Recall                   Summ/Tloc      N/A          96%         3    ###....
 Animate Skeleton         Necr           N/A          98%         1    #......
 Beastly Appendage        Tmut           #.....       98%         1    #......
 Corona                   Hex            #......      98%         1    #......
 Pain                     Necr           #...         98%         1    #......
 Sandblast                Erth           #.....       98%         1    #......
 Summon Butterflies       Summ           #.......     98%         1    #......
 Summon Small Mammal      Summ           #...         98%         1    #......
 Call Imp                 Summ           #.......     99%         2    ##.....
 Corpse Rot               Necr/Air       N/A          99%         2    ##.....
 Ensorcelled Hibernation  Hex/Ice        #.....       99%         2    ##.....
 Passwall                 Tmut/Erth      #.......     99%         2    ##.....
 Poisonous Vapours        Pois/Air       #.....       99%         2    ##.....
 Slow                     Hex            #.......     99%         2    ##.....
 Sticks to Snakes         Tmut           #.......     99%         2    ##.....
 Sublimation of Blood     Necr           #.........   99%         2    ##.....
 Call Canine Familiar     Summ           #.......     100%        3    ###....
 Confusing Touch          Hex            #.......     100%        3    ###....
 Conjure Flame            Conj/Fire      #.......     100%        3    ###....
 Dazzling Flash           Conj/Hex       #.....       100%        3    ###....
 Ignite Poison            Fire/Tmut/Pois #.......     100%        3    ###....
 Inner Flame              Hex/Fire       #.......     100%        3    ###....
 Mephitic Cloud           Conj/Pois/Air  #.......     100%        3    ###....
 Spider Form              Tmut/Pois      #.........   100%        3    ###....
 Static Discharge         Conj/Air       #.......     100%        3    ###....
 Stone Arrow              Conj/Erth      #.....       100%        3    ###....
 Summon Guardian Golem    Hex/Summ       #.......     100%        3    ###....
 Tukima's Dance           Hex            #.......     100%        3    ###....
 Cause Fear               Hex            #.........   100%        4    #####..
 Ice Form                 Ice/Tmut       #.......     100%        4    #####..
 Iskenderun's Mystic Bla  Conj/Tloc      #.......     100%        4    #####..
 Leda's Liquefaction      Hex/Erth       #.........   100%        4    #####..
 Petrify                  Tmut/Erth      #.......     100%        4    #####..
 Summon Ice Beast         Ice/Summ       #.......     100%        4    #####..
 Summon Lightning Spire   Summ/Air       #.......     100%        4    #####..
 Alistair's Intoxication  Tmut/Pois      #.......     100%        5    ######.
 Blade Hands              Tmut           #.........   100%        5    ######.
 Bolt of Magma            Conj/Fire/Erth #.........   100%        5    ######.
 Irradiate                Conj/Tmut      #.........   100%        5    ######.
 Lee's Rapid Deconstruct  Erth           #.........   100%        5    ######.
 Metabolic Englaciation   Hex/Ice        #.........   100%        5    ######.
 Summon Forest            Summ/Tloc      #.........   100%        5    ######.
 Yara's Violent Unravell  Hex/Tmut       #.........   100%        5    ######.
 Conjure Ball Lightning   Conj/Air       #.........   100%        6    #######
 Darkness                 Hex            #.........   100%        6    #######
 Eringya's Noxious Bog    Tmut/Pois      #.........   100%        6    #######
 Freezing Cloud           Conj/Ice/Air   #.........   100%        6    #######
 Hydra Form               Tmut           #.........   100%        6    #######
 Invisibility             Hex            #.......     100%        6    #######
 Iron Shot                Conj/Erth      #.........   100%        6    #######
 Ozocubu's Refrigeration  Ice            #.........   100%        6    #######
 Simulacrum               Ice/Necr       #.........   100%        6    #######
 Statue Form              Tmut/Erth      #........    100%        6    #######
 Dragon Form              Tmut           #.........   100%        7    #######
 Haunt                    Necr/Summ      #.........   100%        7    #######
 Malign Gateway           Summ/Tloc      #.........   100%        7    #######
 Monstrous Menagerie      Summ           #.........   100%        7    #######
 Ring of Flames           Chrm/Fire      ##........   100%        7    #######
 Summon Greater Demon     Summ           #.........   100%        7    #######
 Summon Hydra             Summ           #.........   100%        7    #######
 Borgnjor's Revivificati  Necr           #.........   100%        8    #######
 Controlled Blink         Tloc           N/A          100%        8    #######
 Death's Door             Chrm/Necr      ##........   100%        8    #######
 Infestation              Necr           #.........   100%        8    #######
 Necromutation            Tmut/Necr      #.........   100%        8    #######
 Summon Horrible Things   Summ           #.........   100%        8    #######


Dungeon Overview and Level Annotations

Branches:
Dungeon (15/15)            Temple (1/1) D:5            Lair (6/6) D:9
  Swamp (4/4) Lair:4       Spider (4/4) Lair:4        Slime (5/5) Lair:6
    Orc (2/2) D:9             Elf (3/3) Orc:2        Vaults (5/5) D:14
  Crypt (3/3) Vaults:2       Tomb (1/3) Crypt:3      Depths (0/5) D:15

Altars:
Ashenzari
Cheibriados
Dithmenos
Elyvilon
Fedhas
Gozag
Hepliaklqana
Kikubaaqudgha
Makhleb
Nemelex Xobeh
Okawaru
Qazlal
Ru
Sif Muna
Trog
Uskayaw
Vehumet
Wu Jian
Xom
Yredelemnul
Zin
The Shining One
Beogh
Jiyva

Shops:
D:11 [   Orc:2 =%*:*   Elf:2 *   Elf:3 *   Vaults:4 ?   Vaults:5 =

Portals:
Abyss: Elf:1


Innate Abilities, Weirdness & Mutations

You have large cloven feet.
You are surrounded by a mild repulsion field. (EV +2)
You are partially covered in slimy green scales. (AC +2)
You tend to lose your temper in combat.
Your spells are a little harder to cast, but a little more powerful.


Message History

BOUMMMMG!
You hear a hideous shriek! x2
You block the flying skull's attack.
BOUMMMMG!
You hear a hideous shriek!
You block the flying skull's attack.
GONNNNG!
You block the flying skull's attack.
SHROANNG!
The sphinx hits you but does no damage. x2; You block the sphinx's attack.
BONNNG!
The sphinx casts a spell.
Something smites you!
* * * LOW HITPOINT WARNING * * *
You block the flying skull's attack.
GONNNNG!
You hear a hideous shriek!
The sphinx mumbles some strange words.
Something smites you!
* * * LOW HITPOINT WARNING * * *
The sphinx mumbles some strange words.
Something smites you!
You die...

#.........#
#.........#
#....H.H..#
#.........#
#......(..#
#....H....#
#.........#
#....z....#
#....@....#
#.........#
#.........#
#.........#
#.........#
#.........#
#.........#
#.........#
#.........#


You could see 3 sphinxes and a flying skull.

Vanquished Creatures
  Dissolution (Slime:4)
  the Royal Jelly (Slime:5)
  An ancient lich (Crypt:3)
  Mara (Swamp:3)
  Bai Suzhen (Crypt:1)
  A golden dragon (Vaults:5)
  A bone dragon (Crypt:3)
  4 tentacled monstrosities
  Jorgrun (D:13)
  4 liches
  2 quicksilver dragons (Vaults:5)
  5 titans (Vaults:5)
  2 deep elf master archers (Elf:3)
  6 sphinxes
  Frances (Swamp:2)
  27 acid blobs
  4 ancient champions
  4 thorn hunters
  Kirke (D:13)
  14 azure jellies
  3 shadow dragons (Vaults:5)
  3 tengu reavers (Vaults:5)
  Donald (Swamp:3)
  5 storm dragons
  A revenant (Crypt:2)
  4 fire giants
  Roxanne (Swamp:2)
  The ghost of Hamuuvek the Sharpshooter, an adept KoAM of Okawaru (Swamp:3)
  An iron dragon (Vaults:5)
  11 vault wardens
  2 frost giants (Vaults:5)
  4 ghost moths
  Aizul (Vaults:1)
  4 emperor scorpions
  7 deep elf sorcerers
  6 deep elf elementalists
  5 war gargoyles
  5 curse skulls
  Louise (Swamp:2)
  4 stone giants
  3 ghouls
  14 ironheart preservers
  3 very ugly things
  3 deep elf demonologists
  6 vampire knights
  5 deep elf annihilators
  Azrael (D:13)
  8 entropy weavers
  4 spark wasps
  4 eidola
  8 deep elf death magi
  3 crystal guardians (Crypt:3)
  A jiangshi (Crypt:1)
  3 fire dragons
  An ettin (Vaults:4)
  8 yaktaur captains
  Josephine (Swamp:1)
  Erolcha (Orc:1)
  4 great orbs of eyes
  10 death oozes
  A quicksilver dragon zombie (Crypt:3)
  Fannar (D:9)
  4 deep elf high priests
  23 hydras
  A catoblepas (Lair:5)
  Harold (Lair:2)
  2 quicksilver dragon skeletons
  32 vault guards
  A ghost crab (Swamp:1)
  3 ice dragons
  7 centaur warriors
  Erica (D:9)
  16 alligators
  5 death knights
  27 two-headed ogres
  A merfolk avatar (Lair:6)
  8 ogre magi
  A deep troll earth mage (Vaults:4)
  4 vampire magi
  21 death yaks
  A tengu warrior (D:14)
  35 dancing weapons
  A spriggan berserker (Swamp:4)
  6 death scarabs (Tomb:1)
  5 orc high priests
  Urug (D:12)
  A titan zombie (Crypt:1)
  6 hell knights (Crypt:3)
  27 deep elf knights
  A soul eater (Vaults:2)
  A small abomination (Elf:3)
  A shadow wraith (Vaults:4)
  5 unseen horrors
  A golden dragon zombie (Crypt:3)
  An iron troll (D:14)
  4 flayed ghosts
  19 skeletal warriors
  8 deep trolls
  A glowing orange brain (shapeshifter) (Vaults:1)
  3 glowing orange brains
  2 spriggan druids
  An orange crystal statue (D:14)
  A harpy (shapeshifter) (Vaults:2)
  An anaconda zombie (Crypt:2)
  7 phantasmal warriors
  9 swamp dragons
  5 harpies
  A lindwurm (D:14)
  9 necromancers
  16 ironbrand convokers
  13 deep elf archers
  19 orc knights
  An anaconda skeleton (Crypt:3)
  An obsidian statue (D:14)
  65 deep elf magi
  A frost giant zombie (Vaults:3)
  23 orb spiders
  An oklob plant (Lair:1)
  29 ugly things
  A wolf spider zombie (Crypt:1)
  7 orc sorcerers
  5 shining eyes
  A stone giant zombie (Crypt:3)
  A tengu skeleton (Vaults:2)
  4 cyclopes
  2 moths of wrath
  33 wolf spiders
  7 manticores
  13 elephants
  A salamander (shapeshifter) (Vaults:5)
  6 black mambas
  A frost giant skeleton (Crypt:2)
  15 vault sentinels
  A black mamba (shapeshifter) (Vaults:4)
  A fire giant skeleton (Crypt:3)
  A torpor snail (Spider:2)
  Psyche (D:11)
  19 spiny frogs
  A dire elephant zombie (Crypt:3)
  A stone giant skeleton (Crypt:1)
  2 eyes of devastation
  3 shock serpent skeletons
  9 swamp worm zombies (Crypt:2)
  6 rime drakes
  3 gargoyles (D:13)
  14 demonic crawlers
  A yaktaur zombie (Vaults:3)
  14 komodo dragons
  4 kobold demonologists
  20 yaktaurs
  2 tengu conjurers (D:15)
  2 efreet (D:13)
  A guardian mummy (Tomb:1)
  4 freezing wraiths
  An entropy weaver simulacrum (Vaults:1)
  A jumping spider (shapeshifter) (Vaults:5)
  A harpy zombie (D:15)
  7 trolls
  21 hornets
  41 jumping spiders
  A wind drake (Lair:6)
  5 polar bears
  3 meliai (D:15)
  4 hippogriffs
  115 slime creatures
  10 tyrant leeches
  A slime creature (shapeshifter) (Vaults:1)
  A wind drake (shapeshifter) (Vaults:1)
  A polar bear (shapeshifter) (Vaults:5)
  12 bog bodies
  Prince Ribbit (D:6)
  25 blink frogs
  A fire giant simulacrum (Crypt:1)
  An ettin zombie (Vaults:3)
  An ice dragon zombie (Crypt:3)
  39 flying skulls
  6 shadows
  2 ettin skeletons (Crypt:3)
  An ice dragon skeleton (Crypt:3)
  An ushabti (Tomb:1)
  A fire dragon skeleton (Tomb:1)
  5 water elementals
  37 tarantellas
  98 redbacks
  5 spriggans
  3 air elementals
  14 wraiths
  An orc simulacrum (Vaults:2)
  A human (shapeshifter) (D:15)
  29 yaks
  9 basilisks
  6 wyverns
  3 hogs (D:13)
  18 vampire mosquitoes
  10 golden eyes
  4 hungry ghosts
  9 fire elementals
  14 insubstantial wisps
  17 swamp worms
  A warg (shapeshifter) (Elf:3)
  7 wargs
  A soldier ant (D:15)
  A swamp worm (shapeshifter) (D:14)
  16 water moccasins
  7 porcupines
  Duvessa (D:7)
  2 hell hounds (D:13)
  3 ice beasts
  A hornet zombie (D:9)
  5 sky beasts
  11 swamp drakes
  2 black bears
  41 orc warriors
  An ice beast (shapeshifter) (Vaults:5)
  2 phantoms
  2 human zombies
  9 necrophages
  6 eyes of draining
  3 boggarts (Vaults:1)
  16 centaurs
  16 wolves
  29 ogres
  A centaur (shapeshifter) (Vaults:5)
  An orc skeleton (Vaults:2)
  14 crocodiles
  2 blink frog skeletons
  3 big kobolds
  5 earth elementals
  19 bullfrogs
  A cyclops zombie (Crypt:1)
  A hippogriff skeleton (Crypt:2)
  A wyvern zombie (D:12)
  3 wyvern skeletons
  8 scorpions
  Dowan (D:7)
  A killer bee (shapeshifter) (D:15)
  A raiju zombie (Crypt:1)
  A scorpion (shapeshifter) (Vaults:1)
  5 killer bees (D:8)
  4 wights
  2 electric eels
  3 howler monkeys
  3 bullfrog zombies
  6 centaur zombies
  5 crimson imps
  3 hounds
  2 human simulacra
  4 bullfrog skeletons
  5 centaur skeletons
  A gnoll shaman (D:4)
  29 orc priests
  Crazy Yiuf (D:6)
  7 jellies
  23 orc wizards
  Terence (D:3)
  5 iguanas
  7 hell rats (Lair:6)
  19 worker ants
  A killer bee zombie (D:5)
  A naga zombie (Crypt:1)
  3 hound skeletons
  2 mummies (D:9)
  4 worker ant zombies
  10 gnolls
  A howler monkey skeleton (D:6)
  13 adders
  2 shadow imps
  3 oozes
  An adder zombie (D:9)
  A lava snake skeleton (Crypt:1)
  4 adder skeletons
  4 worms
  A dart slug (D:1)
  2 leopard geckos (D:5)
  109 orcs
  7 giant cockroaches
  5 goblins
  9 hobgoblins
  23 jackals
  29 kobolds
  8 quokkas
  A ball python skeleton (Crypt:1)
  8 bats
  2 frilled lizards
  A gnoll skeleton (Crypt:1)
  A goblin skeleton (Crypt:1)
  A jackal skeleton (Crypt:2)
  A leopard gecko skeleton (D:4)
  11 rats
  2 bushes (Lair:1)
  5 crawling corpses
  A fungus (Lair:5)
  A plant (D:14)
2189 creatures vanquished.

Vanquished Creatures (collateral kills)
  An orc (D:10)
1 creature vanquished.

Vanquished Creatures (others)
  A ghost crab (Swamp:3)
  A vault guard (Vaults:5)
  A spriggan berserker (Swamp:4)
  A deep elf knight (Elf:3)
  An elephant (Lair:5)
  A yaktaur (Vaults:1)
  A jumping spider (Spider:2)
  A tyrant leech (Swamp:1)
  A hornet (Swamp:1)
  5 slime creatures (D:13)
  2 redbacks
  A water elemental (Elf:3)
  A spriggan (Swamp:1)
  2 tarantellas
  An insubstantial wisp (Swamp:3)
  A boggart (Vaults:1)
  2 orc wizards (Orc:2)
  2 orcs
  37 fungi
  31 plants
  10 toadstools (Swamp:3)
104 creatures vanquished.

Grand Total: 2294 creatures vanquished

Notes
Turn   | Place    | Note
-------+----------+-------------------------------------------
     0 | D:1      | Error4North the Hill Orc Fighter began the quest for the
                  | Orb.
     0 | D:1      | Reached XP level 1. HP: 19/19 MP: 1/1
   107 | D:1      | Reached XP level 2. HP: 20/27 MP: 2/2
   354 | D:1      | Reached skill level 4 in Fighting
   491 | D:1      | Reached XP level 3. HP: 29/33 MP: 3/3
  1091 | D:2      | Reached XP level 4. HP: 41/41 MP: 4/4
  1746 | D:3      | Noticed Terence
  1750 | D:3      | Killed Terence
  1750 | D:3      | Reached XP level 5. HP: 42/47 MP: 5/5
  2555 | D:4      | Reached skill level 1 in Maces & Flails
  2555 | D:4      | Reached XP level 6. HP: 53/53 MP: 6/6
  2674 | D:4      | Reached skill level 5 in Fighting
  2723 | D:4      | Reached skill level 1 in Throwing
  2726 | D:4      | Reached skill level 5 in Shields
  2729 | D:4      | Reached XP level 7. HP: 59/61 MP: 7/7
  2889 | D:5      | Entered Level 5 of the Dungeon
  3043 | D:5      | Found a staircase to the Ecumenical Temple.
  3058 | D:5      | Reached skill level 5 in Armour
  3098 | Temple   | Entered the Ecumenical Temple
  3147 | Temple   | Became a worshipper of Warmaster Okawaru
  3294 | D:5      | Reached skill level 1 in Dodging
  3303 | D:5      | Reached XP level 8. HP: 34/70 MP: 8/8
  3716 | D:5      | Found a stormy altar of Qazlal.
  3994 | D:6      | Noticed Prince Ribbit
  4159 | D:6      | Reached skill level 6 in Fighting
  4233 | D:6      | Reached * piety under Okawaru
  4301 | D:6      | Reached skill level 5 in Maces & Flails
  4316 | D:6      | Reached XP level 9. HP: 25/77 MP: 9/9
  4585 | D:6      | Found a runed translucent door.
  4586 | D:6      | Noticed Crazy Yiuf
  4607 | D:6      | Killed Crazy Yiuf
  5046 | D:6      | Killed Prince Ribbit
  5046 | D:6      | Reached skill level 1 in Invocations
  5150 | D:7      | Reached ** piety under Okawaru
  5437 | D:7      | Reached skill level 1 in Evocations
  5528 | D:7      | Noticed Dowan
  5529 | D:7      | Noticed Duvessa
  5558 | D:7      | Killed Duvessa
  5558 | D:7      | Reached skill level 7 in Fighting
  5567 | D:7      | Killed Dowan
  6332 | D:8      | Reached *** piety under Okawaru
  6332 | D:8      | Reached XP level 10. HP: 51/85 MP: 12/12
  7079 | D:9      | Noticed a two-headed ogre
  7101 | D:9      | Killed a two-headed ogre
  7398 | D:9      | Found a staircase to the Orcish Mines.
  7460 | D:9      | Reached **** piety under Okawaru
  7525 | D:9      | Found a staircase to the Lair.
  7641 | D:9      | Reached skill level 8 in Fighting
  7706 | D:9      | Identified the Compendium of Ghastly Translocation
  8083 | D:9      | Noticed Erica
  8104 | D:9      | Killed Erica
  8104 | D:9      | Reached ***** piety under Okawaru
  8104 | D:9      | Reached XP level 11. HP: 42/94 MP: 12/14
  8512 | D:9      | Reached skill level 5 in Invocations
  8840 | D:9      | Found the +18 shield of the Gong {rElec rN+ MR+ EV-5}
  8906 | D:9      | Got a pair of encrusted boots
  8907 | D:9      | Identified the +1 pair of boots of the Depths {rElec rPois
                  | Str-2 Stlth+} (You found it on level 9 of the Dungeon)
  8934 | D:9      | Identified the Volume of the Ensnaring Rocks
  8969 | D:9      | HP: 4/95 [something (7)]
  9484 | D:10     | Entered Level 10 of the Dungeon
  9484 | D:10     | Noticed Fannar
  9499 | D:9      | Killed Fannar
  9499 | D:9      | Received a gift from Okawaru
  9782 | D:10     | Learned a level 1 spell: Infusion
  9785 | D:10     | Learned a level 2 spell: Song of Slaying
  9788 | D:10     | Learned a level 2 spell: Shroud of Golubria
  9938 | D:10     | Noticed a two-headed ogre
  9954 | D:10     | Killed a two-headed ogre
  9954 | D:10     | Received a gift from Okawaru
  9954 | D:10     | Reached skill level 9 in Fighting
  9954 | D:10     | Reached skill level 5 in Axes
  9954 | D:10     | Reached skill level 10 in Shields
  9985 | D:10     | Reached skill level 1 in Translocations
 10043 | D:10     | Found a roughly hewn altar of Beogh.
 10071 | D:10     | Identified the amulet of Xom's Entertainment {Gourm rN+
                  | MR++ Dex+7}
 10300 | D:11     | Noticed a cyan ugly thing
 10338 | D:11     | Found Ifoxkuor's Armour Boutique.
 10350 | D:11     | Received a gift from Okawaru
 10355 | D:11     | Noticed a manticore
 10360 | D:11     | Noticed a two-headed ogre
 10382 | D:10     | Killed a manticore
 10382 | D:10     | Reached skill level 1 in Charms
 10503 | D:11     | Noticed a seven-headed hydra
 10523 | D:10     | Killed a one-headed hydra
 10523 | D:10     | Reached skill level 1 in Spellcasting
 10742 | D:11     | Noticed a two-headed ogre
 10780 | D:10     | Killed a green ugly thing
 10789 | D:11     | Killed a two-headed ogre
 10789 | D:11     | Reached XP level 12. HP: 90/105 MP: 16/16
 10910 | D:11     | Killed a two-headed ogre
 10910 | D:11     | Received a gift from Okawaru
 11021 | D:11     | Noticed Psyche
 11183 | D:11     | Paralysed by Psyche for 7 turns
 11204 | D:11     | Killed Psyche
 11535 | D:12     | Noticed Urug
 11694 | D:12     | Killed Urug
 11700 | D:12     | Noticed a two-headed ogre
 11701 | D:12     | Identified the +5 scale mail of Rosueqay {rC+ Regen+ Int-4}
 11715 | D:12     | Killed a two-headed ogre
 12071 | D:13     | Noticed Jorgrun
 12166 | D:11     | Received a gift from Okawaru
 12270 | Orc:1    | Entered Level 1 of the Orcish Mines
 12337 | Orc:1    | Noticed Erolcha
 12396 | Orc:1    | Killed Erolcha
 12396 | Orc:1    | Reached skill level 10 in Fighting
 12512 | Orc:1    | Found a bloodstained altar of Trog.
 12815 | Orc:2    | Entered Level 2 of the Orcish Mines
 12822 | Orc:2    | Found a staircase to the Elven Halls.
 12841 | Orc:2    | Noticed a two-headed ogre
 12854 | Orc:2    | Killed a two-headed ogre
 12862 | Orc:2    | Reached XP level 13. HP: 101/113 MP: 15/17
 12877 | Orc:2    | Received a gift from Okawaru
 12937 | Orc:2    | Found Zoikeruz's Assorted Antiques.
 12969 | Orc:2    | Found a roughly hewn altar of Beogh.
 13186 | Orc:2    | Found a burning altar of Makhleb.
 13602 | Orc:2    | Received a gift from Okawaru
 13624 | Orc:2    | Reached skill level 10 in Armour
 13634 | Orc:2    | Found Hamekkuj's Jewellery Shoppe.
 13634 | Orc:2    | Found Hexir Qach's Book Boutique.
 13647 | Orc:2    | Found Luing's Food Shoppe.
 13647 | Orc:2    | Found Fomeongo's General Store.
 13656 | Orc:2    | Bought a potion of heal wounds for 65 gold pieces
 13905 | Lair:1   | Entered Level 1 of the Lair of Beasts
 13929 | Lair:1   | Reached skill level 10 in Axes
 13950 | Lair:1   | Reached skill level 11 in Fighting
 14950 | Lair:2   | Noticed Harold
 14964 | Lair:2   | Killed Harold
 15285 | Lair:3   | Received a gift from Okawaru
 15293 | Lair:3   | Reached XP level 14. HP: 124/124 MP: 16/19
 15332 | Lair:3   | Reached skill level 5 in Charms
 16065 | Lair:4   | Received a gift from Okawaru
 16160 | Lair:4   | Found a hole to the Spider Nest.
 16179 | Lair:4   | Received a gift from Okawaru
 16510 | Lair:4   | Found a staircase to the Swamp.
 16811 | Lair:5   | Reached skill level 1 in Stealth
 16830 | Lair:5   | Received a gift from Okawaru
 16883 | Lair:5   | Reached skill level 12 in Fighting
 16897 | Lair:5   | Reached ****** piety under Okawaru
 16900 | Lair:5   | Reached skill level 5 in Translocations
 17266 | Lair:5   | Reached XP level 15. HP: 124/133 MP: 19/21
 17471 | Lair:6   | Entered Level 6 of the Lair of Beasts
 17498 | Lair:6   | Received a gift from Okawaru
 17557 | Lair:6   | Received a gift from Okawaru
 17866 | Lair:6   | Reached skill level 5 in Spellcasting
 17891 | Lair:6   | Got an ebony broad axe {god gift}
 17893 | Lair:6   | Identified the +1 broad axe of the Imperium {vorpal, Str+3}
                  | (Okawaru gifted it to you on level 6 of the Lair of Beasts)
 18054 | Lair:6   | Received a gift from Okawaru
 18513 | Lair:6   | Found a staircase to the Slime Pits.
 18750 | Spider:1 | Entered Level 1 of the Spider Nest
 18783 | Spider:1 | Reached skill level 13 in Fighting
 18785 | Spider:1 | Received a gift from Okawaru
 18825 | Spider:1 | Noticed an emperor scorpion
 18858 | Lair:4   | Killed an emperor scorpion
 18921 | Spider:1 | Reached XP level 16. HP: 78/143 MP: 21/24
 20014 | Spider:2 | Received a gift from Okawaru
 20026 | Spider:2 | Received a gift from Okawaru
 20354 | Spider:1 | Upgraded the game from 0.25-a0-857-g60a0bcd8b5 to
                  | 0.25-a0-860-gf695395b5c
 20441 | Spider:2 | Received a gift from Okawaru
 20815 | Spider:2 | Received a gift from Okawaru
 21418 | Spider:3 | Gained mutation: Your muscles are strong. (Str +2) [potion
                  | of mutation]
 21418 | Spider:3 | Gained mutation: You have large cloven feet. [potion of
                  | mutation]
 21418 | Spider:3 | Gained mutation: You are surrounded by a mild repulsion
                  | field. (EV +2) [potion of mutation]
 21427 | Spider:2 | Received a gift from Okawaru
 22247 | Spider:2 | Received a gift from Okawaru
 22254 | Spider:2 | Got a smoking hat {god gift}
 22258 | Spider:2 | Identified the +0 hat of Voett {rN+ MP+9 Str+3 Int-2}
                  | (Okawaru gifted it to you on level 2 of the Spider Nest)
 22695 | Spider:2 | Reached skill level 15 in Shields
 23373 | Spider:4 | Entered Level 4 of the Spider Nest
 23403 | Spider:4 | Reached XP level 17. HP: 139/151 MP: 26/26
 23553 | Spider:4 | Received a gift from Okawaru
 23578 | Spider:4 | Reached skill level 14 in Fighting
 24001 | Spider:4 | Reached skill level 15 in Axes
 24967 | Spider:4 | Got a gossamer rune of Zot
 25310 | Swamp:1  | Entered Level 1 of the Swamp
 25378 | Swamp:1  | Received a gift from Okawaru
 25382 | Swamp:1  | Got a pair of jewelled boots {god gift}
 25448 | Swamp:1  | Identified the +0 pair of boots "Qeini" {rC- rCorr Str+3
                  | Slay+2} (Okawaru gifted it to you on level 1 of the Swamp)
 25513 | Swamp:1  | Noticed a tentacled monstrosity
 25530 | Swamp:1  | Killed a tentacled monstrosity
 25624 | Swamp:1  | Reached skill level 5 in Throwing
 25669 | Swamp:1  | Noticed Josephine
 25685 | Swamp:1  | Killed Josephine
 26192 | Swamp:2  | Noticed Frances
 26207 | Swamp:1  | Reached XP level 18. HP: 128/161 MP: 26/28
 26244 | Swamp:2  | Noticed a tentacled monstrosity
 26259 | Swamp:2  | Killed a tentacled monstrosity
 26298 | Swamp:2  | Noticed Louise
 26329 | Swamp:2  | Killed Louise
 26543 | Swamp:2  | Killed Frances
 26547 | Swamp:2  | Noticed Roxanne
 27128 | Swamp:2  | Killed Roxanne
 27171 | Swamp:3  | Reached skill level 15 in Fighting
 27173 | Swamp:3  | Received a gift from Okawaru
 27210 | Swamp:3  | Noticed Mara
 27362 | Swamp:3  | Found a runed translucent door.
 27364 | Swamp:3  | Identified the cursed +1 spear of Bivveesm {freeze, rPois
                  | rC+}
 27364 | Swamp:3  | Identified the +7 shortbow of Gozag's Felicitations
                  | {freeze, rElec rPois rF+}
 27365 | Swamp:3  | Noticed Hamuuvek's ghost (adept KoAM)
 27365 | Swamp:3  | Identified the ring of Kuleq {MR+ AC+2}
 27407 | Swamp:3  | Noticed a tentacled monstrosity
 27431 | Swamp:3  | Killed Hamuuvek's ghost
 27437 | Swamp:3  | Killed a tentacled monstrosity
 29038 | D:13     | Killed Jorgrun
 29751 | Swamp:3  | Noticed Donald
 29771 | Swamp:3  | Killed Donald
 29816 | Swamp:3  | Noticed Error4North's illusion
 30028 | Swamp:3  | Killed Mara
 30411 | Swamp:4  | Entered Level 4 of the Swamp
 30416 | Swamp:4  | Received a gift from Okawaru
 30550 | Swamp:4  | Reached XP level 19. HP: 157/171 MP: 23/30
 30555 | Swamp:4  | Received a gift from Okawaru
 30713 | Swamp:4  | Got a decaying rune of Zot
 31223 | Elf:1    | Entered Level 1 of the Elven Halls
 31834 | Elf:1    | Noticed an Ice Fiend
 31840 | Elf:1    | Noticed a Tzitzimitl
 32312 | Elf:1    | Found a shimmering altar of Xom.
 32492 | Elf:1    | Found a one-way gate to the infinite horrors of the Abyss.
 32555 | Elf:2    | Reached skill level 16 in Fighting
 32652 | Elf:2    | Received a gift from Okawaru
 32904 | Elf:2    | Found Rblidead's Retail Resort.
 32910 | Elf:2    | Bought a potion of resistance for 160 gold pieces
 33053 | Elf:2    | Found a runed translucent gate.
 33053 | Elf:2    | Found a runed translucent gate.
 33054 | Elf:2    | Found a runed translucent gate.
 33812 | Elf:3    | Entered Level 3 of the Elven Halls
 33895 | Elf:3    | Reached XP level 20. HP: 93/182 MP: 30/32
 34393 | Elf:3    | Received a gift from Okawaru
 34480 | Elf:3    | Reached skill level 10 in Charms
 34507 | Elf:3    | Found Logioh's Luxury Loot.
 34759 | Elf:3    | Identified the +7 quarterstaff of Immorality {freeze,
                  | +Blink rPois rF- SInv}
 34772 | Elf:3    | Identified the cursed +0 halberd of Peace {venom, rF+ rC+
                  | MR++ Str-4}
 34772 | Elf:3    | Identified the cursed +0 robe of the Present {rC++ MR+++
                  | Regen+ Dex-2}
 34793 | Elf:3    | Identified the +3 scale mail "Heoshrih" {Str+4}
 34793 | Elf:3    | Identified the ring "Jicuaj" {Str+3 Stlth-}
 35139 | Elf:3    | Identified the +1 robe "Soets" {MR+}
 35142 | Elf:3    | Identified a scroll of acquirement
 35142 | Elf:3    | Identified the +2 pair of gloves of the Sun {MR+ Stlth+}
                  | (You acquired it on level 3 of the Elven Halls)
 35232 | Elf:3    | Identified the Disquisition on Enchantment and Attacks
 35261 | Elf:3    | Got a pair of polished gloves
 35271 | Elf:3    | Identified the +1 pair of gloves of Action {rC+} (You found
                  | it on level 3 of the Elven Halls)
 35821 | Slime:1  | Entered Level 1 of the Pits of Slime
 36087 | Slime:2  | Gained mutation: You are dopey. (Int -2) [a shining eye]
 36395 | Slime:1  | Lost mutation: You are dopey. (Int -2) [a shining eye]
 36930 | Slime:2  | Reached skill level 17 in Fighting
 37067 | Slime:4  | Noticed Dissolution
 37075 | Slime:4  | Paralysed by a floating eye for 3 turns
 37087 | Slime:3  | Received a gift from Okawaru
 37571 | Slime:4  | Paralysed by a floating eye for 4 turns
 37576 | Slime:4  | Killed Dissolution
 37576 | Slime:4  | Reached XP level 21. HP: 164/192 MP: 26/34
 37601 | Slime:4  | Gained mutation: Your magical capacity is low. (-10% MP) [a
                  | shining eye]
 37605 | Slime:4  | Gained mutation: Your body sometimes deteriorates upon
                  | taking damage. [a shining eye]
 37614 | Slime:4  | Gained mutation: Your magical capacity is very low. (-20%
                  | MP) [a shining eye]
 37617 | Slime:4  | Gained mutation: You are frail. (-10% HP) [a shining eye]
 37636 | Slime:4  | Found a viscous altar of Jiyva.
 38087 | Slime:5  | Entered Level 5 of the Pits of Slime
 38112 | Slime:5  | Noticed the Royal Jelly
 38478 | D:13     | Noticed Azrael
 38492 | D:13     | Killed Azrael
 39021 | D:13     | Noticed Kirke
 39036 | D:13     | Killed Kirke
 39036 | D:13     | Received a gift from Okawaru
 39041 | D:13     | Got an ancient helmet {god gift}
 39058 | D:13     | Identified the +0 helmet "Japageum" {-Cast rF+ Dex+3
                  | Stlth+} (Okawaru gifted it to you on level 13 of the
                  | Dungeon)
 39399 | D:14     | Found a gate to the Vaults.
 40017 | D:15     | Entered Level 15 of the Dungeon
 40049 | D:15     | Reached skill level 18 in Fighting
 40616 | D:15     | Found a staircase to the Depths.
 41379 | Slime:5  | Reached skill level 15 in Armour
 41618 | Slime:4  | Lost mutation: Your magical capacity is very low. (-20% MP)
                  | [potion of mutation]
 41618 | Slime:4  | Lost mutation: Your magical capacity is low. (-10% MP)
                  | [potion of mutation]
 41618 | Slime:4  | Lost mutation: You are frail. (-10% HP) [potion of
                  | mutation]
 41618 | Slime:4  | Gained mutation: You are surrounded by a moderate repulsion
                  | field. (EV +3) [potion of mutation]
 41618 | Slime:4  | Gained mutation: You are clumsy. (Dex -2) [potion of
                  | mutation]
 41618 | Slime:4  | Gained mutation: You are partially covered in slimy green
                  | scales. (AC +2) [potion of mutation]
 41940 | Vaults:1 | Entered Level 1 of the Vaults
 42640 | Vaults:1 | Noticed Aizul
 42654 | Vaults:1 | Killed Aizul
 42660 | Vaults:1 | Received a gift from Okawaru
 42694 | Vaults:1 | Received a gift from Okawaru
 42787 | Vaults:1 | Reached skill level 19 in Fighting
 42795 | Vaults:1 | Reached XP level 22. HP: 193/205 MP: 30/35
 43294 | Vaults:2 | You fall into a shaft and drop 2 floors!
 43340 | Vaults:4 | Received a gift from Okawaru
 43625 | Vaults:4 | Received a gift from Okawaru
 43738 | Vaults:4 | Found Raym's Magic Scroll Emporium.
 43936 | Vaults:4 | Received a gift from Okawaru
 44148 | Vaults:4 | Reached skill level 20 in Fighting
 44626 | Vaults:5 | Entered Level 5 of the Vaults
 44690 | Vaults:5 | Reached skill level 5 in Evocations
 44695 | Vaults:5 | Received a gift from Okawaru
 44696 | Vaults:5 | Got a crystal broad axe {god gift}
 44701 | Vaults:5 | Reached XP level 23. HP: 130/217 MP: 25/36
 44750 | Vaults:4 | HP: 9/217 [fire giant/bolt of fire (18)]
 44752 | Vaults:4 | HP: 4/217 [fire giant/+0 great sword of flaming (11)]
 45539 | Vaults:3 | Received a gift from Okawaru
 45586 | Vaults:3 | Received a gift from Okawaru
 45586 | Vaults:3 | Reached skill level 21 in Fighting
 45589 | Vaults:3 | Identified the +11 broad axe of Kismet {antimagic, Str+5
                  | Int-4} (Okawaru gifted it to you on level 5 of the Vaults)
 46239 | Vaults:3 | Received a gift from Okawaru
 47094 | Vaults:2 | Identified the ring "Cepocau" {MP+9 Stlth+} (You acquired
                  | it on level 2 of the Vaults)
 47661 | Vaults:2 | Found a staircase to the Crypt.
 48812 | Vaults:5 | Identified the +5 mace "Plog" {elec, rPois MR+ MP+9 SInv}
 48825 | Vaults:5 | Reached XP level 24. HP: 209/231 MP: 1/36
 48838 | Vaults:5 | Received a gift from Okawaru
 48893 | Vaults:5 | Reached skill level 22 in Fighting
 49446 | Vaults:5 | Identified the Incunabulum of Creative Stones
 49631 | Vaults:5 | Got a silver rune of Zot
 49867 | Vaults:5 | Found Ojiux's Jewellery Emporium.
 50869 | Slime:5  | Killed the Royal Jelly
 51215 | Slime:5  | Received a gift from Okawaru
 51289 | Slime:5  | Got a brightly glowing brass amulet
 51292 | Slime:5  | Identified the amulet "Foli" {Gourm rElec} (You found it on
                  | level 5 of the Pits of Slime)
 51306 | Slime:5  | Got a slimy rune of Zot
 51346 | Slime:5  | Identified Roxanne's Tome of Mutagenic Stones
 51370 | Slime:5  | Got a scintillating crystal amulet
 51397 | Slime:5  | Identified the amulet of Piela {Spirit rF+ rC+ MP+9 Int-3}
                  | (You found it on level 5 of the Pits of Slime)
 51784 | Slime:4  | Received a gift from Okawaru
 51785 | Slime:4  | Got a translucent flail {god gift}
 52561 | Crypt:1  | Entered Level 1 of the Crypt
 52568 | Crypt:1  | Reached skill level 23 in Fighting
 52618 | Crypt:1  | Noticed Bai Suzhen
 52640 | Crypt:1  | Killed Bai Suzhen
 52684 | Crypt:1  | Reached XP level 25. HP: 106/243 MP: 6/36
 54370 | Crypt:2  | Received a gift from Okawaru
 54709 | Crypt:2  | Identified the +2 flail "Veofilu" {antimagic, rC+} (Okawaru
                  | gifted it to you on level 4 of the Pits of Slime)
 54734 | Crypt:2  | Lost mutation: Your muscles are strong. (Str +2) [potion of
                  | mutation]
 54734 | Crypt:2  | Lost mutation: Your body sometimes deteriorates upon taking
                  | damage. [potion of mutation]
 54734 | Crypt:2  | Lost mutation: You are clumsy. (Dex -2) [potion of
                  | mutation]
 54734 | Crypt:2  | Lost mutation: You are surrounded by a moderate repulsion
                  | field. (EV +3) [potion of mutation]
 54734 | Crypt:2  | Gained mutation: You tend to lose your temper in combat.
                  | [potion of mutation]
 54734 | Crypt:2  | Gained mutation: You expend magic power (3 MP) to
                  | strengthen your wands. [potion of mutation]
 54734 | Crypt:2  | Lost mutation: You expend magic power (3 MP) to strengthen
                  | your wands. [potion of mutation]
 54734 | Crypt:2  | Gained mutation: Your spells are a little harder to cast,
                  | but a little more powerful. [potion of mutation]
 54892 | Crypt:3  | Entered Level 3 of the Crypt
 54913 | Crypt:3  | Reached skill level 24 in Fighting
 55055 | Crypt:3  | Received a gift from Okawaru
 55369 | Crypt:3  | Identified the ring of Kocrer {+Fly rN+ Slay+3}
 55369 | Crypt:3  | Identified the +4 great sword "Fish" {vorpal, rElec rPois}
 55369 | Crypt:3  | Identified the ring of Osole {+Fly rN+ MR+ SInv}
 55398 | Crypt:3  | Noticed an ancient lich
 55412 | Crypt:3  | Killed an ancient lich
 55465 | Crypt:3  | Found a basalt altar of Yredelemnul.
 55469 | Crypt:3  | Identified the ring "Gomamano" {+Blink rPois rN+ Str+4
                  | Slay+2}
 55478 | Crypt:3  | Found the +12 Vampire's Tooth {vamp}
 55736 | Crypt:3  | Reached skill level 25 in Fighting
 56080 | Crypt:3  | Found a staircase to the Tomb.
 56107 | Tomb:1   | Entered Level 1 of the Tomb of the Ancients
 56320 | Tomb:1   | HP: 7/250 [sphinx/divine providence (9)]
 56320 | Tomb:1   | Killed from afar by a sphinx

Levels and vault maps discovered:
D:1:      nagdon_arrival_zigzag_paths, layout_basic, minmay_pentomino_v2
D:2:      layout_basic, first_ration, minmay_fractal_squares_gapless_5
D:3:      layout_loops_ring, kennysheep_path_1, dk_noncrumbling_4, uniq_terence
D:4:      layout_loops_corners
D:5:      layout_loops_ring, kennysheep_mini, minmay_temple_entry_stoned_glass
D:6:      layout_cave_pools, uniq_crazy_yiuf_cottage, uniq_prince_ribbit1
D:7:      layout_basic, hex_large, kennysheep_nondescript,
          kennysheep_generic_room_10, uniq_duvessa
D:8:      minmay_evil_eye, layout_loops_corners
D:9:      minmay_the_grid_triangle_9x9_recursive_2
          [minmay_the_grid_triangle_9x9_prize_insulated,
          minmay_the_grid_triangle_9x9_cache,
          minmay_the_grid_triangle_9x9_windchime,
          minmay_the_grid_triangle_9x9_wacky_v], layout_basic,
          due_lair_maze_entry_diamond, orc_0_dummy, serial_undead,
          serial_undead_c, serial_undead_a, serial_undead_b, serial_undead_b,
          grunt_ogre_cave, uniq_erica
D:10:     layout_roguey [special_room_orc], uniq_fannar
D:11:     layout_long_grid, serial_shops, nicolae_shop_waterfront, uniq_psyche
D:12:     layout_big_octagon, uniq_urug
D:13:     layout_irregular_city, minmay_puff, uniq_kirke, uniq_jorgrun,
          uniq_azrael
D:14:     minmay_separated_statues, layout_small_grid, david_vaults_4,
          kennysheep_boxes, minmay_liquid_box, kennysheep_generic_room_12
D:15:     grunt_enter_depths_snipers, layout_long_grid,
          chequers_serial_rivers_micro_c
Temple:   grunt_wide_crystal_templ
Lair:1:   layout_hall_layers, minmay_lair_oklob_bushes
Lair:2:   layout_cave_shapes, serial_bayou_lagoon_b, uniq_harold
Lair:3:   layout_regular_city, kennysheep_basilisk_garden
Lair:4:   layout_roguey, nicolae_swamp_entry_splash_gauntlet,
          spider_nest_entry_rubble, grunt_megastairs_1
Lair:5:   layout_misc_corridors, serial_bayou_shore_a, grunt_megastairs_5
Lair:6:   gammafunk_lair_ancient_temple, layout_cellular_growth,
          minmay_slime_entry_pillars, serial_bayou_shore_b, lemuel_fruit_fields
Swamp:1:  layout_basic_swamp, nicolae_swamp_dense_foliage, uniq_josephine
Swamp:2:  layout_falls_marsh, evilmike_swamp_ruin_rubble_2, swamp_pool1,
          uniq_roxanne, uniq_frances, uniq_louise
Swamp:3:  cheibrodos_swamp_tower_of_moss, layout_basic_swamp,
          ebering_ghost_funeral_grove, evilmike_swamp_ruin_house_1,
          infiniplex_staircase_pool, uniq_mara, uniq_donald
Swamp:4:  swamp_basic_johnstein, layout_basic_swamp
Spider:1: layout_spider_delve
Spider:2: layout_spider_delve
Spider:3: layout_spider_delve
Spider:4: grunt_spider_rune_parallel
Slime:1:  layout_caves
Slime:2:  layout_caves
Slime:3:  layout_caves
Slime:4:  layout_caves, basic_altar, dissolution_awaits
Slime:5
Orc:1:    nicolae_orc_accident_1, layout_caves, bloody_trog, uniq_erolcha
Orc:2:    grunt_orc_tribal_feast, layout_diamond_mine, serial_shops, shop,
          basic_altar, bloody_makhleb
Elf:1:    due_chaos_kobolds, layout_gridlike, minivault_28, minivault_25_ag,
          corexii_checkpoint_a, small_chamber_with_monster
Elf:2:    layout_loops_ring, corexii_leaking_fountain, nicolae_twisting_strands,
          nicolae_alphabet_shops, grunt_ministairs_13
Elf:3:    minmay_elf_hall_curves, layout_onion_city, dk_noncrumbling_3,
          nicolae_alphabet_shops
Vaults:1: v_pattern_2, vaults_room_boxed, v_misc_30, ontoclasm_vaults_fault,
          nicolae_vaults_little_squares_2, vaults_mumra_minichess_inversion,
          nicolae_vaults_know_your_exits, vaults_dpeg_ring,
          nicolae_vaults_circle_grid_a, grunt_vaults_focal,
          nicolae_vaults_diagonal_hallway_8, ontoclasm_vaults_bender,
          hangedman_vaults_slice, vaults_room_semicircle, layout_vaults_maze,
          uniq_aizul
Vaults:2: nicolae_vaults_network_star, vaults_dpeg_spiral,
          nicolae_vaults_big_ls, nicolae_vaults_alarming,
          ontoclasm_vaults_twist, vaults_room_door_hall,
          nicolae_vaults_little_ls, ontoclasm_vaults_decontamination,
          minmay_crypt_entry_simple_round, layout_vaults_quadrants
Vaults:3: v_rooms_4, nicolae_vaults_little_squares_3, nicolae_vaults_rhombus_6,
          nicolae_vaults_shelves_hall, v_misc_2, vaults_mumra_hexcomb,
          v_misc_22, vaults_room_corners, nicolae_vaults_sealed_display,
          vaults_room_corners, nicolae_vaults_diagonal_hallway_9, v_misc_22,
          layout_vaults_omnibox
Vaults:4: nicolae_vaults_stairing_the_circle, ontoclasm_vaults_hangar,
          v_pattern_3, grunt_vaults_trifunnel, nicolae_vaults_little_squares_5,
          ontoclasm_vaults_ring_small, nicolae_vaults_mini_display_case,
          ontoclasm_vaults_ligature, layout_vaults_ring, serial_shops,
          nicolae_shop_stone
Vaults:5
Crypt:1:  layout_misc_corridors, serial_sigils, serial_sigils_hangedman_leer,
          serial_sigils_hangedman_scratch, serial_sigils_hangedman_shear,
          serial_sigils_hangedman_clutch, serial_sigils_hangedman_gnaw,
          serial_sigils_hangedman_snap, minmay_misc_feat_ornament,
          grunt_ministairs_6, uniq_bai_suzhen
Crypt:2:  layout_regular_city, grunt_ministairs_1, lemuel_dead_fish_pool
Crypt:3:  cryptofortress_bobbens
Tomb:1

Skill      XL: |  1  2  3  4  5  6  7  8  9 10 11 12 13 14 15 16 17 18 19 20 21 22 23 24 25 |
---------------+----------------------------------------------------------------------------+-----
Axes           | 3 4 5 8 10 12 13 14 15 16 17 18 19 20 21 22 | 22.0
Fighting       | 4 5 6 7 8 9 10 11 12 13 14 15 16 17 19 20 21 23 25 | 25.2
Shields        | 4 5 7 8 9 10 12 13 14 15 16 17 18 19 20 | 20.8
Armour         | 4 5 6 7 8 9 10 11 12 13 14 15 16 17 18 | 18.4
Maces & Flails | 1 2 3 5 6 8 |  8.8
Throwing       | 1 2 3 4 5 6 |  6.9
Dodging        | 1 2 |  2.7
Invocations    | 2 4 5 6 7 8 9 |  9.2
Evocations     | 2 4 5 |  5.1
Translocations | 1 3 4 5 6 7 8 9 |  9.9
Charms         | 1 3 4 5 6 7 8 9 10 | 10.8
Spellcasting   | 1 2 3 4 5 6 7 8 9 |  9.3
Stealth        | 1 2 |  2.0

Action                   |  1- 3 |  4- 6 |  7- 9 | 10-12 | 13-15 | 16-18 | 19-21 | 22-24 | 25-27 || total
-------------------------+-------+-------+-------+-------+-------+-------+-------+-------+-------++-------
Melee: War axe           |    98 |    70 |     4 |   282 |   646 |       |       |       |       ||  1100
       Mace              |       |    64 |   436 |   547 |       |       |       |       |       ||  1047
       Eveningstar       |       |       |       |       |     1 |       |       |       |       ||     1
       Broad axe         |       |       |       |       |   157 |  1344 |  1349 |  1225 |   430 ||  4505
Throw: Boomerang         |       |    25 |    40 |    21 |   182 |   172 |    84 |    65 |    15 ||   604
 Cast: Song of Slaying   |       |       |       |       |       |     2 |     4 |    18 |     3 ||    27
       Shroud of Golubri |       |       |       |       |       |     1 |     3 |     8 |       ||    12
       Infusion          |       |       |       |       |       |       |     1 |       |       ||     1
Invok: Heroism           |       |       |     3 |    19 |    29 |    40 |    29 |    31 |     7 ||   158
       Finesse           |       |       |       |     4 |     8 |    16 |     9 |    15 |     1 ||    53
 Abil: Evoke Flight      |       |       |       |       |       |       |       |       |     2 ||     2
Evoke: Wand              |       |       |     5 |     3 |    19 |    10 |     9 |     5 |       ||    51
       Lightning rod     |       |       |       |     6 |     1 |     1 |     4 |     4 |       ||    16
       Phial of floods   |       |       |       |       |       |       |       |     1 |       ||     1
  Use: Potion            |       |       |     1 |     6 |     3 |     7 |     3 |     5 |     4 ||    29
       Scroll            |       |       |     3 |    21 |    11 |     7 |    12 |    24 |     2 ||    80
 Stab: Petrified         |       |       |       |       |    15 |       |       |       |       ||    15
       Petrifying        |       |       |       |       |     1 |       |       |       |       ||     1
       Confused          |       |       |       |       |       |     5 |       |       |       ||     5
       Distracted        |       |       |       |       |       |       |     2 |       |       ||     2
  Eat: Chunk             |       |     6 |     9 |    17 |    24 |    39 |    22 |    17 |       ||   134
       Ration            |       |       |     1 |     2 |     1 |       |     5 |     2 |     4 ||    15
Armor: Scale mail        |    54 |    63 |    46 |    29 |    50 |       |       |       |       ||   242
       Chain mail        |       |       |   205 |   294 |       |       |       |       |       ||   499
       Gold dragon scale |       |       |       |       |   241 |   718 |   324 |   345 |   119 ||  1747
       Skin              |       |       |       |       |       |     1 |       |       |       ||     1
Dodge: Dodged            |    34 |    39 |   132 |   131 |    86 |   199 |    94 |   116 |    33 ||   864
Block: Kite shield       |    66 |    71 |   299 |   777 |  1074 |  2118 |  1373 |  1338 |   580 ||  7696

Table legend:
 A = Non-vault XP
 B = Vault XP
 C = Vault XP percentage of total XP
 D = Non-vault monster count
 E = Vault monster count
 F = Vault count percentage of total count
                 A         B        C        D         E       F
            +---------+---------+-------+---------+---------+-------
      Total |  559538 |  514601 |  47.9 |    1461 |     709 |  32.7
            +---------+---------+-------+---------+---------+-------
        D:1 |      60 |       3 |   4.8 |      33 |       2 |   5.7
        D:2 |      52 |      18 |  25.7 |      18 |       5 |  21.7
        D:3 |       8 |      36 |  81.8 |       6 |       1 |  14.3
        D:4 |     513 |       0 |   0.0 |      26 |       0 |   0.0
        D:5 |     929 |       0 |   0.0 |      23 |       0 |   0.0
        D:6 |     924 |     295 |  24.2 |      32 |       2 |   5.9
        D:7 |     691 |     255 |  27.0 |      20 |       3 |  13.0
        D:8 |     978 |      64 |   6.1 |      18 |       2 |  10.0
        D:9 |    1913 |    5559 |  74.4 |      30 |      38 |  55.9
       D:10 |    6027 |     241 |   3.8 |      34 |      26 |  43.3
       D:11 |    4680 |     448 |   8.7 |      25 |       1 |   3.8
       D:12 |    3616 |     835 |  18.8 |      21 |       1 |   4.5
       D:13 |    4567 |    9076 |  66.5 |      17 |      19 |  52.8
       D:14 |   10833 |    3875 |  26.3 |      40 |       6 |  13.0
       D:15 |   10220 |    2352 |  18.7 |      33 |       3 |   8.3
     Lair:1 |    6872 |     572 |   7.7 |      34 |       1 |   2.9
     Lair:2 |    2248 |     992 |  30.6 |      11 |       1 |   8.3
     Lair:3 |    6156 |     980 |  13.7 |      24 |       5 |  17.2
     Lair:4 |    9254 |    2712 |  22.7 |      22 |      12 |  35.3
     Lair:5 |   19851 |    1271 |   6.0 |      35 |       5 |  12.5
     Lair:6 |   17543 |    8861 |  33.6 |      57 |      28 |  32.9
    Swamp:1 |   19151 |    1940 |   9.2 |      49 |       5 |   9.3
    Swamp:2 |   11106 |    5783 |  34.2 |      31 |       3 |   8.8
    Swamp:3 |   16247 |   14163 |  46.6 |      30 |       9 |  23.1
    Swamp:4 |   10980 |   20181 |  64.8 |      22 |      29 |  56.9
   Spider:1 |   22351 |       0 |   0.0 |      67 |       0 |   0.0
   Spider:2 |   30441 |       0 |   0.0 |      70 |       0 |   0.0
   Spider:3 |    8904 |    3093 |  25.8 |      26 |       5 |  16.1
   Spider:4 |   16921 |   22047 |  56.6 |      51 |      48 |  48.5
    Slime:1 |   14978 |       0 |   0.0 |      20 |       0 |   0.0
    Slime:2 |   19319 |       0 |   0.0 |      32 |       0 |   0.0
    Slime:3 |    7119 |       0 |   0.0 |      11 |       0 |   0.0
    Slime:4 |   20232 |   13846 |  40.6 |      38 |       1 |   2.6
    Slime:5 |   15958 |   38146 |  70.5 |      28 |      15 |  34.9
      Orc:1 |     421 |    2069 |  83.1 |       7 |       5 |  41.7
      Orc:2 |    5445 |    7252 |  57.1 |      44 |      28 |  38.9
      Elf:1 |    9809 |   10552 |  51.8 |      26 |      23 |  46.9
      Elf:2 |   13410 |   26647 |  66.5 |      21 |      34 |  61.8
      Elf:3 |   19149 |   28664 |  60.0 |      36 |      20 |  35.7
   Vaults:1 |   33940 |   25250 |  42.7 |      59 |      42 |  41.6
   Vaults:2 |    3585 |   21130 |  85.5 |      10 |      30 |  75.0
   Vaults:3 |   30405 |   11888 |  28.1 |      42 |      25 |  37.3
   Vaults:4 |   53855 |   27896 |  34.1 |      88 |      34 |  27.9
   Vaults:5 |   16298 |  114959 |  87.6 |      22 |      82 |  78.8
    Crypt:1 |   19317 |    8435 |  30.4 |      33 |       7 |  17.5
    Crypt:2 |   24693 |    5332 |  17.8 |      24 |      11 |  31.4
    Crypt:3 |       0 |   66883 | 100.0 |       0 |      92 | 100.0
     Tomb:1 |    7569 |       0 |   0.0 |      15 |       0 |   0.0
            +---------+---------+-------+---------+---------+-------
